 Dungeon Sprint DCSS version 0.32-a0-918-g0f22ef8d61 (webtiles) character file.

Game seed: 1019738461307170800

22 BigDaddyOpFi the Trooper (level 6, 0/56 HPs)
             Began as a Coglin Fighter on Apr 10, 2024.
             Was an Initiate of Lugonu.
             Slain by a fire bat (3 damage)
             ... in the Dungeon (Sprint VI: "Thunderdome").
             The game lasted 00:02:43 (381 turns).

BigDaddyOpFi the Trooper (Coglin Fighter)            Turns: 381, Time: 00:02:44

Health: 0/56       AC:  7    Str: 18    XL:     6   Next: 81%
Magic:  6/6        EV:  8    Int:  8    God:    Lugonu [......]
Gold:   120        SH:  0    Dex: 13    Spells: 5/5 levels left

rFire   . . .        a - +0 war axe {Kulveer}
rCold   . . .        o - +0 broad axe {Rafael}
rNeg    . . .        b - +0 scale mail
rPois   .            (no helmet)
rElec   .            (no cloak)
rCorr   .            (no gloves)
SInv    .            (no boots)
Will    .....        (amulet unavailable) Stlth
                     (ring unavailable)
HPRegen 0.29/turn    (ring unavailable)
MPRegen 0.10/turn    (no gizmo)

%: no teleportation
@: on berserk cooldown, hasted, revving, very quick
A: off-hand wielding, slow wielding, warmup strikes, no jewellery
a: Invent Gizmo, Renounce Religion


You were in the Dungeon.
You worshipped Lugonu.
Lugonu was noncommittal.
You visited 1 branch You collected 240 gold pieces.
You spent 120 gold pieces at shops.

Inventory:

Hand Weapons
 a - a +0 war axe (weapon) {Kulveer}
 o - a +0 broad axe (offhand) {Rafael}
Armour
 b - a +0 scale mail (worn)
 c - a +0 buckler
Wands
 l - a wand of acid (5)
 m - a wand of iceblast (5)
Scrolls
 j - 4 scrolls of blinking
 n - 3 scrolls of fog
Potions
 e - a potion of curing
 g - 3 potions of haste
 h - 2 potions of magic
 k - a potion of resistance


   Skills:
 + Level 7.7 Fighting
 + Level 7.3 Axes
 + Level 7.0 Armour
 + Level 5.8 Shields


You had 5 spell levels left.
You didn't know any spells.
Your spell library was empty.

Dungeon Overview and Level Annotations

Branches:
Dungeon (1/1)

Altars:
Cheibriados
Dithmenos
Fedhas
Gozag
Kikubaaqudgha
Makhleb
Okawaru
Qazlal
Ru
Sif Muna
Trog
Uskayaw
Vehumet
Wu Jian
Xom
Yredelemnul
Zin
The Shining One
Beogh
Lugonu

Shops:
D *[=??*?*:[((!!!!


Innate Abilities, Weirdness & Mutations

You can wield a second weapon in your off-hand.
It takes a long time for you to wield or remove held weapons.
Your first few attacks do less damage.
You cannot equip rings or amulets.


Message History

The fire elemental hits you. The fire elemental burns you!
* * * LOW HITPOINT WARNING * * *
The fire bat moves out of view.
You feel much better. The fire elemental closely misses you.
The fire elemental hits you. The fire elemental burns you!
You feel yourself speed up. The fire elemental hits you.
The fire elemental burns you! The fire elemental hits you.
The fire elemental burns you!
* * * LOW HITPOINT WARNING * * *
You slash the fire elemental with your +0 broad axe!
The fire elemental is heavily damaged.
You barely miss the fire elemental with your +0 war axe.
The fire elemental closely misses you. The fire bat closely misses you.
The fire elemental closely misses you. The fire bat barely misses you.
The fire bat barely misses you.
You feel yourself speed up.
You closely miss the fire elemental with your +0 war axe.
The fire elemental is heavily damaged.
You closely miss the fire elemental with your +0 broad axe.
The fire elemental barely misses you.
You hit the fire elemental with your +0 war axe.
The fire elemental is heavily damaged.
You hit the fire elemental with your +0 broad axe.
The fire elemental closely misses you.
You closely miss the fire elemental with your +0 war axe.
The fire elemental is severely damaged.
You barely miss the fire bat with your +0 war axe.
You barely miss the fire elemental with your +0 broad axe.
You barely miss the fire bat with your +0 broad axe.
The fire bat bites you but does no damage.
The fire bat barely misses you. The fire elemental hits you.
The fire elemental burns you!
* * * LOW HITPOINT WARNING * * *
Unknown command.
A fire bat comes into view.
The fire bat closely misses you.
A fire elemental comes into view.
The fire bat bites you.
You die...

#⌠.....○.....⌠#
######.ß...○.....ß.######
##∩_......).###..b...___∩##
###∩........ß.# #.ß........∩##
##............○###.............
#⌠..........###E..###..........
#⌠.......°..# #.<.# #..........
#⌠........°.###b..###..........
##............@###.............
###∩........ß.# #.ß........∩#
##∩___......###.......__∩##
######.ß.........ß.######
#§...........⌠# ###.........###
#_......._# #_..E○..._#
#_......._#


You could see 2 fire elementals and 2 fire bats.

Vanquished Creatures
  Sigmund (D)
  A fire elemental (D)
  A jelly (D)
  Jessica (D)
  An adder (D)
  An orc (D)
  4 endoplasms (D)
10 creatures vanquished.

Notes
Turn   | Place    | Note
-------+----------+-------------------------------------------
     0 | D        | BigDaddyOpFi the Coglin Fighter began the quest for the
                  | Orb.
     0 | D        | Reached XP level 1. HP: 18/18 MP: 1/1
     3 | D        | Found a burning altar of Makhleb.
     4 | D        | Found a glowing silver altar of Zin.
     5 | D        | Found an iron altar of Okawaru.
     5 | D        | Found a blossoming altar of Fedhas.
     5 | D        | Round 1.
     6 | D        | Found Feqa's Timeless Talismans.
     6 | D        | Found a basalt altar of Yredelemnul.
     6 | D        | Found a hide-covered altar of Uskayaw.
     6 | D        | Found Qan Qeof's Identification Station.
     7 | D        | Found Laophapp's Jewellery.
     7 | D        | Found Genneastre's Advanced Armour.
    10 | D        | Found a roughly hewn altar of Beogh.
    11 | D        | Found a snail-covered altar of Cheibriados.
    12 | D        | Found a bloodstained altar of Trog.
    13 | D        | Found an opulent altar of Gozag.
    13 | D        | Found a radiant altar of Vehumet.
    13 | D        | Found a shimmering altar of Xom.
    13 | D        | Found Juagom's Premium Goods.
    13 | D        | Found Ive Xiub's Weapon Rack.
    14 | D        | Found Junoed's Miscellaneous Merchandise.
    14 | D        | Found Cehe Xyu's Basic Armour.
    21 | D        | Bought a +0 broad axe for 120 gold pieces
    67 | D        | Found Noileaxt's Magic Scroll Shop.
    67 | D        | Found Tyatal's Magic Scroll Shop.
    68 | D        | Found Heid Men's Must-Have Magic.
    69 | D        | Noticed Jessica
    72 | D        | Found a stormy altar of Qazlal.
    72 | D        | Found a shadowy altar of Dithmenos.
    72 | D        | Found an ornate altar of the Wu Jian Council.
    72 | D        | Found Qualyop's Staff Store.
    78 | D        | Killed Jessica
    79 | D        | Reached XP level 2. HP: 3/25 MP: 2/2
    79 | D        | Reached XP level 3. HP: 4/30 MP: 3/3
   163 | D        | Noticed Sigmund
   172 | D        | Killed Sigmund
   172 | D        | Arena points: 12 (+12) [x2]
   173 | D        | Reached skill level 5 in Armour
   173 | D        | Reached XP level 4. HP: 32/41 MP: 4/4
   173 | D        | Reached XP level 5. HP: 37/47 MP: 5/5
   182 | D        | Found a glowing golden altar of the Shining One.
   191 | D        | Round 2.
   220 | D        | Found a shimmering blue altar of Sif Muna.
   221 | D        | Found a sacrificial altar of Ru.
   222 | D        | Found Nycosang's Distillery.
   224 | D        | Found Otanem's Distillery.
   224 | D        | Found Fuomot's Bottled Wisdom.
   225 | D        | Found an ancient bone altar of Kikubaaqudgha.
   225 | D        | Found a corrupted altar of Lugonu.
   225 | D        | Found Nanaat's Do-It-Yourself Clinic.
   258 | D        | Reached skill level 5 in Shields
   258 | D        | Reached XP level 6. HP: 33/53 MP: 6/6
   303 | D        | Became a worshipper of Lugonu the Unformed
   305 | D        | Arena points: 22 (+10) [x1]
   320 | D        | Round 3.
   340 | D        | Noticed a fire elemental
   348 | D        | HP: 2/79 [fire elemental (12)]
   349 | D        | Killed a fire elemental
   366 | D        | Noticed a fire elemental
   367 | D        | Noticed a fire bat
   378 | D        | HP: 2/56 [fire elemental (10)]
   380 | D        | Noticed a fire bat
   381 | D        | Noticed a fire elemental
   381 | D        | Slain by a fire bat

Illustrated notes

Levels and vault maps discovered:
D:        arena_sprint

Skill      XL: |  1  2  3  4  5  6 |
---------------+-------------------+-----
Fighting       | 4 6 7 |  7.7
Axes           | 3 6 7 |  7.3
Armour         | 3 5 6 7 |  7.0
Shields        | 3 4 5 |  5.8

Action                     |  1- 3 |  4- 6 || total
---------------------------+-------+-------++-------
  Melee: War axe           |    17 |    11 ||    28
         Broad axe         |    16 |    14 ||    30
    Use: Potion            |     2 |     5 ||     7
 Armour: Scale mail        |    19 |    33 ||    52
  Dodge: Dodged            |     6 |    11 ||    17

Table legend: (Time is in decaauts)
 A = Elapsed time spent in this place.
 B = Non-inter-level travel time spent in this place.
 C = Inter-level travel time spent in this place.
 D = Time resting spent in this place.
 E = Time spent auto-exploring this place.
 F = Levels seen in this place.
 G = Mean time per level.
                   A        B        C        D        E       F      G
               +--------+--------+--------+--------+--------+-----+--------+
         Total |    394 |    394 |      0 |     76 |     14 |   1 |  394.0 |
       Dungeon |    394 |    394 |      0 |     76 |     14 |   1 |  394.0 |
               +--------+--------+--------+--------+--------+-----+--------+

Top non-repeatable levels by time:
       D: 394 daAuts
